 Dungeon Crawl Stone Soup version 0.29.1-15-g9cfb28693d (webtiles) character file.

Game seed: 7547750139241797179

150 Trollhunterz the Cudgeller (level 5, -1/43 (47) HPs)
             Began as a Gnoll Cinder Acolyte on Apr 20, 2023.
             Was a High Priest of Ignis.
             Succumbed to a scorpion's poison
             ... on level 4 of the Dungeon.
             The game lasted 00:22:23 (1493 turns).

Trollhunterz the Cudgeller (Gnoll Cinder Acolyte)   Turns: 1493, Time: 00:22:24

HP:   -1/43 (47)    AC:  4    Str: 13    XL:     5   Next: 32%
MP:   9/9           EV: 11    Int: 15    God:    Ignis [*****.]
Gold: 73            SH:  0    Dex:  8    Spells: 8/10 levels left

rFire   + . .      SeeInvis .   m - +3 dagger
rCold   . . .      Faith    .   (no shield)
rNeg    . . .      Spirit   .   b - +0 robe
rPois   .          Reflect  .   (no helmet)
rElec   .          Harm     .   (no cloak)
rCorr   .          Rampage  .   e - +0 pair of gloves
Will    .....                   c - +0 pair of boots
Stlth   +.........              f - amulet of regeneration
HPRegen 0.94/turn               (no ring)
MPRegen 0.11/turn               (no ring)

@: lethally poisoned (-1 -> -6), drained
A: fangs 1, strong nose, distributed training
a: Renounce Religion, Fiery Armour, Foxfire Swarm, Rising Flame


You were on level 4 of the Dungeon.
You worshipped Ignis.
Ignis was extremely pleased with you.
You visited 1 branch of the dungeon, and saw 4 of its levels.

You collected 73 gold pieces.

Inventory:

Hand Weapons
 a - a -1 mace of flaming
 g - a +2 dagger of draining
 m - a +3 dagger (weapon)
Armour
 b - a +0 robe (worn)
 c - a +0 pair of boots (worn)
 e - a +0 pair of gloves (worn)
Jewellery
 f - an amulet of regeneration (around neck)
Scrolls
 h - 2 scrolls of identify
 k - a scroll of enchant weapon {unknown}
Potions
 d - 2 potions of attraction {unknown}
 i - a potion of haste {unknown}
 j - a potion of berserk rage {unknown}
 l - a potion of cancellation {unknown}


   Skills:
 + Level 6.7 Fighting
 + Level 1.5 Short Blades
 + Level 1.5 Long Blades
 + Level 1.5 Axes
 + Level 6.7 Maces & Flails
 + Level 1.5 Polearms
 + Level 1.5 Staves
 + Level 1.5 Ranged Weapons
 + Level 1.5 Throwing
 + Level 1.5 Armour
 + Level 1.5 Dodging
 + Level 1.5 Stealth
 + Level 1.5 Shields
 + Level 1.5 Unarmed Combat
 + Level 3.2 Spellcasting
 + Level 1.2 Conjurations
 + Level 1.2 Hexes
 + Level 1.2 Summonings
 + Level 1.2 Necromancy
 + Level 1.2 Translocations
 + Level 1.2 Transmutations
 + Level 5.5 Fire Magic
 + Level 1.2 Ice Magic
 + Level 1.2 Air Magic
 + Level 1.2 Earth Magic
 + Level 1.2 Poison Magic
 + Level 1.7 Invocations
 + Level 1.5 Evocations


You had 8 spell levels left.
You knew the following spells:

 Your Spells              Type           Power      Damage    Failure   Level
a - Scorch                Fire           38%        2d6       3%          2

Your spell library contained the following spells:

 Spells                   Type           Power      Damage    Failure   Level


Dungeon Overview and Level Annotations

Branches:
Dungeon (4/15)
 Temple: D:4-7

Altars:


Innate Abilities, Weirdness & Mutations

You have very sharp teeth.
Your uncanny sense of smell can sniff out nearby items.
Your experience applies equally to all skills.


Message History

* * * LOW HITPOINT WARNING * * *
You closely miss the adder.
The adder is lightly wounded.
You feel sick.
The foxfire hits the adder but does no damage.
The adder is lightly wounded.
The foxfire hits the adder.
The adder is moderately wounded.
The foxfire hits the adder.
The adder is heavily wounded.
The foxfire hits the adder.
You kill the adder!
The foxfire hits the scorpion but does no damage.
The scorpion is lightly wounded.
The foxfire hits the scorpion.
The scorpion is moderately wounded.
You hit the scorpion but do no damage.
The scorpion is moderately wounded.
You feel sick.
The foxfire hits the scorpion.
The scorpion is moderately wounded.
The foxfire hits the scorpion but does no damage.
The scorpion is moderately wounded.
The scorpion closely misses you.
You barely miss the scorpion.
The scorpion is moderately wounded.
You feel sick.
You are no longer poisoned.
The scorpion completely misses you.
You hit the scorpion.
The scorpion is heavily wounded.
The scorpion completely misses you.
You hit the scorpion.
The scorpion is heavily wounded.
The scorpion stings you.
* * * LOW HITPOINT WARNING * * *
You are lethally poisoned!
The scorpion poisons you!
You hit the scorpion but do no damage.
The scorpion is heavily wounded.
You die...

#### #. ..#### #######
#. #####....###......
#.###......#.##...####
#.....# #..#.#.....#
#..##.###..#.#.###.#
#....@.........# .#
##.##s###....#.# .#
#....# ######... .#
#..#.# ###+#.. #..#.#
#..#.## #.....##
##.#.###.#...###
.....S..........


You could see a scorpion.

Vanquished Creatures
  A necrophage (D:4)
  2 adders
  2 worms (D:2)
  4 dart slugs
  6 ball pythons
  4 endoplasms
  2 giant cockroaches (D:2)
  4 goblins
  6 hobgoblins
  3 jackals (D:2)
  3 quokkas
  3 bats
  2 frilled lizards
  11 kobolds
  4 rats
57 creatures vanquished.

Vanquished Creatures (others)
  8 foxfires (D:4)
8 creatures vanquished.

Grand Total: 65 creatures vanquished

Notes
Turn   | Place    | Note
-------+----------+-------------------------------------------
     0 | D:1      | Trollhunterz the Gnoll Cinder Acolyte began the quest for
                  | the Orb.
     0 | D:1      | Reached XP level 1. HP: 23/23 MP: 4/4
   171 | D:1      | Reached XP level 2. HP: 27/29 MP: 5/5
   334 | D:2      | Learned a level 2 spell: Scorch
   480 | D:2      | Reached XP level 3. HP: 32/35 MP: 7/7
   485 | D:2      | Reached skill level 1 in Invocations
   600 | D:2      | Reached skill level 1 in Short Blades
   600 | D:2      | Reached skill level 1 in Long Blades
   600 | D:2      | Reached skill level 1 in Axes
   600 | D:2      | Reached skill level 1 in Polearms
   600 | D:2      | Reached skill level 1 in Staves
   600 | D:2      | Reached skill level 1 in Ranged Weapons
   600 | D:2      | Reached skill level 1 in Throwing
   600 | D:2      | Reached skill level 1 in Armour
   600 | D:2      | Reached skill level 1 in Dodging
   600 | D:2      | Reached skill level 1 in Stealth
   600 | D:2      | Reached skill level 1 in Shields
   600 | D:2      | Reached skill level 1 in Unarmed Combat
   600 | D:2      | Reached skill level 1 in Evocations
   622 | D:1      | Noticed a great orb of eyes
   622 | D:1      | Found a faded altar of an unknown god.
   623 | D:1      | Noticed a shining eye
   623 | D:1      | Noticed an eye of devastation
   623 | D:1      | Noticed a floating eye
   817 | D:1      | Reached XP level 4. HP: 27/41 MP: 8/8
  1226 | D:2      | Reached skill level 1 in Conjurations
  1226 | D:2      | Reached skill level 1 in Hexes
  1226 | D:2      | Reached skill level 1 in Summonings
  1226 | D:2      | Reached skill level 1 in Necromancy
  1226 | D:2      | Reached skill level 1 in Translocations
  1226 | D:2      | Reached skill level 1 in Transmutations
  1226 | D:2      | Reached skill level 1 in Ice Magic
  1226 | D:2      | Reached skill level 1 in Air Magic
  1226 | D:2      | Reached skill level 1 in Earth Magic
  1226 | D:2      | Reached skill level 1 in Poison Magic
  1436 | D:4      | Noticed a necrophage
  1456 | D:4      | Killed a necrophage
  1457 | D:4      | Reached XP level 5. HP: 10/42 MP: 9/9
  1492 | D:4      | HP: 1/43 [scorpion (5)]
  1493 | D:4      | Succumbed to a scorpion's poison

Illustrated notes

Levels and vault maps discovered:
D:1:      dpeg_arrival_arbitrary_b, layout_loops_ring,
          hellmonk_ecumenical_altar_watching_god, minmay_hexomino_f4
D:2:      minmay_skewed_foursquare, layout_loops_ring, grunt_ministairs_7,
          uniq_robin
D:3:      layout_loops_ring
D:4:      layout_loops_corners, makhleb_heckhound_becter, gammafunk_ghost_grave,
          serial_shops, nicolae_shop_behind_doors, minmay_manual_maat

Skill      XL: |  1  2  3  4 |
---------------+-------------+-----
Invocations    | 1 |  1.7
Short Blades   | 1 |  1.5
Long Blades    | 1 |  1.5
Axes           | 1 |  1.5
Polearms       | 1 |  1.5
Staves         | 1 |  1.5
Ranged Weapons | 1 |  1.5
Throwing       | 1 |  1.5
Armour         | 1 |  1.5
Dodging        | 1 |  1.5
Stealth        | 1 |  1.5
Shields        | 1 |  1.5
Unarmed Combat | 1 |  1.5
Evocations     | 1 |  1.5
Spellcasting   | 3 |  3.2
Conjurations   | 1 |  1.2
Hexes          | 1 |  1.2
Summonings     | 1 |  1.2
Necromancy     | 1 |  1.2
Translocations | 1 |  1.2
Transmutations | 1 |  1.2
Ice Magic      | 1 |  1.2
Air Magic      | 1 |  1.2
Earth Magic    | 1 |  1.2
Poison Magic   | 1 |  1.2
Fighting       | |  6.7
Maces & Flails | |  6.7
Fire Magic     | |  5.5

Action                   |  1- 3 |  4- 6 || total
-------------------------+-------+-------++-------
Melee: Mace              |    56 |       ||    56
       Bite              |     5 |     3 ||     8
       Dagger            |    51 |    87 ||   138
       Punch             |       |     1 ||     1
Invok: Foxfire Swarm     |       |     1 ||     1
  Use: Scroll            |     4 |     2 ||     6
       Potion            |     1 |       ||     1
Armor: Robe              |    42 |    20 ||    62
Dodge: Dodged            |    59 |    54 ||   113
